AoeStats
← TheQuietRiot

Arabia

509755285Analyzed
1v1 RM · 4d ago on Sep 27, 2026· 52m 25s· 2 players
Game mode
Random Map
Map size
Tiny (2 player)
Population
200
Speed
Normal
Resources
Standard
Victory
Conquest
Starting age
Dark Age
Ending age
Imperial Age
RankedLock teamsTeams togetherTeam positionsShared explorationLock speedFull tech treeHidden civsTurbo modeCheats
Victory
Defeat
🇬🇧 Saxons · United Kingdom
955
+18
🇧🇷 Khitans · Brazil
1001
-18
TheQuietRiot
10:17 Feudal Age
9:42 Loom
10:50 Double-Bit Axe
17:30 Castle Age
16:40 Forging
19:16 Iron Casting
19:22 Husbandry
20:49 Bloodlines
26:15 Horse Collar
33:13 Wheelbarrow
33:11 Bow Saw
33:33 Town Watch
33:51 Squires
33:37 Gambesons
33:58 Scale Mail Armor
37:16 Chain Mail Armor
39:45 Redemption
39:56 Sanctity
39:00 Clerical Recruitment
40:23 Hand Cart
41:47 Masonry
44:20 Imperial Age
43:57 Arson
44:51 Town Patrol
45:57 Conscription
47:56 Chemistry
47:17 Ballistics
47:03 Siege Engineers
47:11 Fortified Wall
47:21 Gold Mining
47:23 Stone Mining
48:23 Plate Mail Armor
47:44 Fletching
47:55 Padded Archer Armor
48:24 Elite Hearth Troop
48:56 Shield Wall
52:00 Block Printing
51:48 Bodkin Arrow
52:08 Leather Archer Armor
52:28 Architecture
51:43 Treadmill Crane
novasky
8:24 Loom
10:51 Feudal Age
13:34 Double-Bit Axe
17:11 Castle Age
19:08 Gold Mining
19:19 Town Watch
20:08 Forging
22:01 Squires
22:17 Arson
23:13 Wheelbarrow
22:38 Town Patrol
26:10 Domestication
28:12 Iron Casting
35:17 Imperial Age
32:57 Scale Mail Armor
33:09 Gambesons
35:37 Elite Fire Lancer
35:50 Capped Ram
39:56 Chain Mail Armor
41:17 Chemistry
40:37 Ballistics
40:59 Ordo Cavalry
41:16 Pastoralism
42:14 Town Patrol
43:58 Light Cavalry
44:44 Husbandry
45:27 Hussar
46:38 Lamellar Armor
47:32 Scale Barding Armor
52:55 Plate Mail Armor
Connection lost

Rejoining the realm…

Still unreachable

The connection could not be restored.

Session expired

The server has moved on; the page needs a fresh start.